 Dungeon Crawl Stone Soup version 0.19.1 (webtiles) character file.

42 Gargo the Digger (level 3, -1/19 HPs)
             Began as a Gargoyle Earth Elementalist on Dec 6, 2016.
             Slain by an orc
             ... wielding a +0 short sword
              (2 damage)
             ... on level 2 of the Dungeon.
             The game lasted 00:06:55 (1587 turns).

Gargo the Digger (Gargoyle Earth Elementalist)      Turns: 1587, Time: 00:06:56

Health: -1/19      AC:  5    Str: 11    XL:     3   Next: 56%
Magic:  1/7        EV: 12    Int: 16    God:
Gold:   73         SH:  0    Dex: 10    Spells: 2 memorised, 4 levels left

rFire  . . .     SeeInvis .     s - +0 dagger (curse)
rCold  . . .     Gourm    .     c - +0 robe
rNeg   + . .     Faith    .     (no shield)
rPois  ∞         Spirit   .     (no helmet)
rElec  +         Reflect  .     (no cloak)
rCorr  .         Harm     .     (no gloves)
MR     .....                    (no boots)
Stlth  ++........               (no amulet)
                                (no ring)
                                (no ring)

@: very slightly contaminated
A: negative energy resistance 1, electricity resistance, unbreathing,
petrification resistance, rot immunity, AC +3
a: no special abilities


You were on level 2 of the Dungeon.
You were hungry.

You visited 1 branch of the dungeon, and saw 3 of its levels.

You collected 73 gold pieces.

Inventory:

Hand Weapons
 a - a +0 short sword
 o - a +0 club
 r - a +0 dagger
 s - a cursed +0 dagger (weapon)
Missiles
 b - 94 stones (quivered)
Armour
 c - a +0 robe (worn)
Scrolls
 g - a scroll of remove curse {unknown}
 h - a scroll of magic mapping {unknown}
 k - a scroll of teleportation {unknown}
 n - a scroll of identify
Potions
 f - a potion of heal wounds
 i - a potion of flight {unknown}
 j - a potion of invisibility {unknown}
 m - a potion of agility {unknown}
Books
 e - a book of Geomancy

   Spells                             Type                      Level
   a - Sandblast                      Earth                        1
   b - Passwall                       Transmutation/Earth          2
   c - Stone Arrow                    Conjuration/Earth            3
   d - Petrify                        Transmutation/Earth          4
   e - Lee's Rapid Deconstruction     Earth                        5
Comestibles
 d - a bread ration
 l - a royal jelly
 p - 2 meat rations
 q - 7 chunks of flesh


   Skills:
 - Level 1.5 Dodging
 - Level 2.1 Stealth
 * Level 3.1 Spellcasting
 + Level 0.2 Conjurations
   Level 0.7 Transmutations
 + Level 4.2 Earth Magic


You had 4 spell levels left.
You knew the following spells:

 Your Spells              Type           Power        Failure   Level  Hunger
a - Sandblast             Erth           ###...       3%          1    None
A - Stone Arrow           Conj/Erth      #.....       21%         3    ###....


Dungeon Overview and Level Annotations

Branches:
Dungeon (3/15)

Altars:


Innate Abilities, Weirdness & Mutations

You are resistant to torment.
Your stone body is resilient. (AC +3)
You are immune to poison.
You resist negative energy. (rN+)
You are resistant to electric shocks. (rElec)
You can survive without breathing.
You are immune to petrification.
You are immune to rotting.


Message History

Aim: an orc, wielding a trident and wearing a ring mail The blast of sand hits the orc.
The orc closely misses you. The orc barely misses you.
Casting: Sandblast
Confirm with . or Enter, or press ? or * to list all spells.
Aiming: Sandblast
Press: ? - help, Shift-Dir - straight line, f/p - orc
Aim: an orc, wielding a trident and wearing a ring mail The blast of sand hits the orc.
You kill the orc!
The orc hits you but does no damage.
Casting: Sandblast
Confirm with . or Enter, or press ? or * to list all spells.
You don't have enough magic to cast that spell.
You are too injured to fight recklessly!
You barely miss the orc. The orc hits you with a short sword.
* * * LOW HITPOINT WARNING * * *
You closely miss the orc. The orc completely misses you.
You closely miss the orc. The orc hits you with a short sword.
You die...

. #. ## #.## #... #..#
###..## ..... #o.#
#.@# #)[# #..# #..#
#..##############
##)..............#
.####....######.####.#
.........# #.####)###
.####....# #.........


You could see an orc.

Vanquished Creatures
  2 oozes (D:1)
  A leopard gecko (D:1)
  3 orcs (D:2)
  2 giant cockroaches (D:2)
  4 hobgoblins (D:1)
  4 bats
  4 frilled lizards
  3 goblins
  3 kobolds (D:1)
  5 rats (D:1)
31 creatures vanquished.

Notes
Turn   | Place    | Note
-------+----------+-------------------------------------------
     0 | D:1      | Gargo the Gargoyle Earth Elementalist began the quest for the Orb.
     0 | D:1      | Reached XP level 1. HP: 10/10 MP: 3/3
    71 | D:1      | Reached XP level 2. HP: 3/15 MP: 0/5
   572 | D:2      | Noticed a moth of wrath
   794 | D:1      | Reached skill level 4 in Earth Magic
   804 | D:1      | Reached XP level 3. HP: 19/19 MP: 0/7
   809 | D:1      | Learned a level 3 spell: Stone Arrow
  1587 | D:2      | Slain by an orc

Skill      XL: |  1  2  3 |
---------------+----------+-----
Earth Magic    | 4 |  4.2
Spellcasting   | 3 |  3.1
Dodging        | |  1.5
Stealth        | |  2.1
Conjurations   | |  0.2
Transmutations | |  0.7

Action                   || total
-------------------------++-------
Melee: Unarmed           ||    14
       Club              ||    23
       Dagger            ||     3
       Short sword       ||     2
 Cast: Sandblast         ||    60
  Use: Scroll            ||     1
 Stab: Sleeping          ||     3
  Eat: Chunk             ||     2
Armor: Robe              ||    33
Dodge: Dodged            ||    71
